 Dungeon Crawl Stone Soup version 0.28-a0-265-g048bc9fd10 (webtiles) character file.

Game seed: 11891057685121386639

49 SeanNever the Chopper (level 3, -4/30 HPs)
             Began as a Minotaur Gladiator on Aug 27, 2021.
             Killed from afar by an orc wizard (11 damage)
             ... with a puff of flame
             ... on level 3 of the Dungeon.
             The game lasted 00:09:56 (1591 turns).

SeanNever the Chopper (Minotaur Gladiator)          Turns: 1591, Time: 00:10:00

Health: -4/30      AC:  2    Str: 18    XL:     3   Next: 53%
Magic:  2/2        EV: 13    Int:  5    God:
Gold:   41         SH:  0    Dex: 12    Spells: 2/2 levels left

rFire   . . .      SeeInvis .   a - +0 war axe
rCold   . . .      Faith    .   (no shield)
rNeg    . . .      Spirit   .   l - +0 robe
rPois   .          Reflect  .   c - +0 hat
rElec   .          Harm     .   (no cloak)
rCorr   .          Rampage  .   (no gloves)
Will    .....                   (no boots)
Stlth   +.........              e - amulet of regeneration
HPRegen 1.10/turn               (no ring)
MPRegen 0.08/turn               (no ring)

@: lethally poisoned (-4 -> -6)
A: horns 2, retaliatory headbutt
a: no special abilities


You were on level 3 of the Dungeon.
You visited 1 branch of the dungeon, and saw 3 of its levels.

You collected 41 gold pieces.

Inventory:

Hand Weapons
 a - a +0 war axe (weapon)
Missiles
 d - 3 throwing nets (quivered)
Armour
 b - a +0 leather armour
 c - a +0 hat (worn)
 l - a +0 robe (worn)
Jewellery
 e - an amulet of regeneration (around neck)
Scrolls
 f - a scroll of identify {unknown}
 g - a scroll of magic mapping {unknown}
 h - a scroll of enchant armour {unknown}
 i - a scroll of amnesia {unknown}
Potions
 j - a potion of curing {unknown}
 k - a potion of magic {unknown}


   Skills:
 + Level 2.9 Fighting
 + Level 4.6 Axes
 + Level 2.1 Throwing
 + Level 1.0 Armour
 + Level 3.7 Dodging


You had 2 spell levels left.
You didn't know any spells.
Your spell library contained the following spells:

 Spells                   Type           Power      Damage    Failure   Level
 Inner Flame              Hex/Fire       0%         N/A       85%         3
 Cause Fear               Hex            0%         N/A       99%         4
 Discord                  Hex            0%         N/A       100%        8


Dungeon Overview and Level Annotations

Branches:
Dungeon (3/15)

Altars:


Innate Abilities, Weirdness & Mutations

You have a pair of horns on your head.
You reflexively headbutt those who attack you in melee.


Message History

You see here a +0 robe.
You start removing your armour.
You continue taking off your +0 leather armour. x4
You finish taking off your +0 leather armour.
You start putting on your armour.
You continue putting on your +0 robe. x5
You finish putting on your +0 robe.
Okay, then.
There is a stone staircase leading down here.
There is an escape hatch in the ceiling here.
There is a stone staircase leading down here.
You climb downwards.
The orc wizard shouts!
The orc shouts!
The adder hisses angrily.
Found 9 arrows and a scroll labelled GUFROE VUZI.
There is a stone staircase leading up here.
There is a stone staircase leading up here.
An orc comes into view. It is wielding a +0 flail.
The quokka bites you.
The orc wizard points at you and mumbles some strange words.
The puff of flame hits you!
The orc shouts!
You hit the quokka. Your headbutt misses the quokka.
The quokka is lightly wounded.
You miss the adder. The adder closely misses you. The quokka bites you.
The bat barely misses you. The adder bites you.
You are poisoned.
The adder poisons you!
The quokka bites you but does no damage.
You feel sick. The bat misses you. You furiously retaliate!
You headbutt the bat!
You kill the bat!
The adder bites you but does no damage.
You feel sick. The adder bites you.
There is a stone staircase leading up here.
You feel sick. The quokka misses you. The adder bites you.
* * * LOW HITPOINT WARNING * * *
You are more poisoned.
The adder poisons you! The orc wizard casts a spell at you.
The puff of flame hits you!
You die...

...... .# ..
...... .#...
...... ##.#...
.... .....# ...
.... ##.##..##
##.......##
..##...@.....##
......rSo.....#
........†......#
#.......o.o.....
..##............
# #....#.?.....
#............
###.##....... ..
#.....


You could see an orc wizard, an adder, 2 orcs and a quokka.

Vanquished Creatures
  An adder (D:2)
  A worm (D:2)
  A dart slug (D:1)
  3 ball pythons
  An endoplasm (D:1)
  2 giant cockroaches
  A goblin (D:2)
  3 hobgoblins (D:1)
  3 jackals (D:2)
  3 quokkas
  5 bats
  7 frilled lizards
  2 kobolds (D:1)
  2 rats
35 creatures vanquished.

Notes
Turn   | Place    | Note
-------+----------+-------------------------------------------
     0 | D:1      | SeanNever the Minotaur Gladiator began the quest for the
                  | Orb.
     0 | D:1      | Reached XP level 1. HP: 18/18 MP: 0/0
    52 | D:1      | Found a faded altar of an unknown god.
   142 | D:1      | Reached skill level 4 in Axes
   190 | D:1      | Reached XP level 2. HP: 9/25 MP: 1/1
  1182 | D:2      | Reached XP level 3. HP: 29/30 MP: 2/2
  1542 | D:2      | Reached skill level 1 in Armour
  1591 | D:3      | Killed from afar by an orc wizard

Illustrated notes

Levels and vault maps discovered:
D:1:      nicolae_arrival_memento_mori, layout_basic,
          hellmonk_ecumenical_altar_blasted
D:2:      layout_basic, basic_altar, serial_curves, eino_curves_04,
          eino_curves_02, eino_curves_03, eino_curves_03,
          kennysheep_generic_room_4
D:3:      layout_rooms, mainiacjoe_overflow_surrounded_room

Skill      XL: |  1  2  3 |
---------------+----------+-----
Axes           | 4 |  4.6
Armour         | 1 |  1.0
Fighting       | |  2.9
Throwing       | |  2.1
Dodging        | |  3.7

Action                   || total
-------------------------++-------
Melee: War axe           ||    61
       Headbutt          ||    12
Armor: Leather armour    ||    29
       Robe              ||     2
Dodge: Dodged            ||    77

Table legend: (Time is in decaauts)
 A = Elapsed time spent in this place.
 B = Non-inter-level travel time spent in this place.
 C = Inter-level travel time spent in this place.
 D = Time resting spent in this place.
 E = Time spent auto-exploring this place.
 F = Levels seen in this place.
 G = Mean time per level.
                   A        B        C        D        E       F      G
               +--------+--------+--------+--------+--------+-----+--------+
         Total |   1608 |   1608 |      0 |      0 |      0 |   3 |  536.0 |
       Dungeon |   1608 |   1608 |      0 |      0 |      0 |   3 |  536.0 |
               +--------+--------+--------+--------+--------+-----+--------+

Top non-repeatable levels by time:
     D:1: 1155 daAuts
     D:2: 445 daAuts
     D:3: 8 daAuts
